 Dungeon Crawl Stone Soup version 0.30.0-29-ga12c61a403 (webtiles) character file.

Game seed: 11657776389882661813

87 Sabo the Trooper (level 4, -1/37 HPs)
             Began as a Demonspawn Monk on June 20, 2023.
             Killed by divine providence
             ... invoked by an orc priest
              (15 damage)
             ... on level 3 of the Dungeon.
             The game lasted 00:09:53 (2335 turns).

Sabo the Trooper (Demonspawn Monk)                  Turns: 2335, Time: 00:09:54

Health: -1/37      AC:  8    Str: 13    XL:     4   Next: 28%
Magic:  4/4        EV: 10    Int: 11    God:
Gold:   110        SH:  0    Dex: 16    Spells: 3/3 levels left

rFire   . . .        a - +0 hand axe
rCold   . . .        d - orb {light}
rNeg    . . .        m - +0 scale mail
rPois   +            (helmet restricted)
rElec   .            (no cloak)
rCorr   .            (no gloves)
SInv    .            (no boots)
Will    +....        (no amulet) Stlth
                     b - ring of poison resistance
HPRegen 0.26/turn    k - ring of willpower
MPRegen 0.09/turn

%: no passive effects
@: glowing
A: horns 1, icy blue scales 1, foul stench 1
a: no special abilities


You were on level 3 of the Dungeon.
You visited 1 branch of the dungeon, and saw 3 of its levels.

You collected 110 gold pieces.

Inventory:

Hand Weapons
 a - a +0 hand axe (weapon)
Armour
 d - an orb of light (worn)
 m - a +0 scale mail (worn)
Jewellery
 b - a ring of poison resistance (left hand)
 i - a ring of wizardry
 k - a ring of willpower (right hand)
Scrolls
 c - a scroll of enchant armour {unknown}
 e - a scroll of amnesia {unknown}
 l - a scroll of blinking {unknown}
 o - a scroll of immolation {unknown}
 p - a scroll of brand weapon {unknown}
 r - a scroll of teleportation {unknown}
Potions
 f - 2 potions of mutation
 g - 2 potions of curing {unknown}
 h - a potion of flight {unknown}
 j - a potion of cancellation {unknown}
 n - 2 potions of heal wounds {unknown}
 q - a potion of berserk rage {unknown}


   Skills:
 + Level 3.7 Fighting
 + Level 3.6 Axes
 + Level 0.6 Armour
 + Level 3.2 Dodging


You had 3 spell levels left.
You didn't know any spells.
Your spell library contained the following spells:

 Spells                   Type           Power      Damage    Failure   Level
 Foxfire                  Conj/Fire      0%         2x1d4     86%         1
 Lesser Beckoning         Tloc           0%         N/A       95%         2
 Gell's Gravitas          Tloc           0%         N/A       99%         3
 Teleport Other           Tloc           0%         N/A       99%         3
 Fireball                 Conj/Fire      0%         3d3       100%        5
 Iskenderun's Battlesphe  Conj           0%         2d6       100%        5
 Iron Shot                Conj/Erth      0%         9d1       100%        6
 Plasma Beam              Fire/Air       0%         2x1d11    100%        6
 Starburst                Conj/Fire      0%         6d3       100%        6
 Spellforged Servitor     Conj/Summ      0%         N/A       100%        7


Dungeon Overview and Level Annotations

Branches:
Dungeon (3/15)

Altars:


Innate Abilities, Weirdness & Mutations

You have a pair of small horns on your head.
You are partially covered in icy blue scales. (AC +2)
You may rarely emit foul miasma when damaged in melee.


Message History

The orc hits you with a +0 club.
The orc priest miscasts a cantrip.
You hit the orc but do no damage.
The orc is lightly wounded.
You hit the orc priest but do no damage.
The orc hits you but does no damage.
The orc priest hits you with a +0 short sword. x2
The orc closely misses you.
You hit the orc. You headbutt the orc.
The orc is severely wounded.
You hit the orc priest but do no damage.
The orc closely misses you. The orc priest barely misses you.
You hit the orc but do no damage. You headbutt the orc.
You kill the orc!
You hit the orc priest but do no damage.
The orc priest closely misses you.
You hit the endoplasm.
You kill the endoplasm!
You completely miss the orc priest.
The orc priest hits you but does no damage.
You hit the orc priest. You headbutt the orc priest.
The orc priest is severely wounded.
The orc priest hits you but does no damage.
You barely miss the orc priest. You headbutt the orc priest.
The orc priest is severely wounded.
The orc priest looks braver for a moment.
You hit the orc priest but do no damage.
You headbutt the orc priest, but do no damage.
The orc priest is severely wounded.
The orc priest hits you but does no damage.
You barely miss the orc priest.
You headbutt the orc priest, but do no damage.
The orc priest is severely wounded.
The orc priest barely misses you.
You hit the orc priest but do no damage.
You headbutt the orc priest, but do no damage.
The orc priest is severely wounded.
The orc priest calls down the wrath of Beogh upon you.
Beogh smites you!
You die...

#.....###...###..#
#..#####....#
#..........###..<## ##.#
..####
#......##......#..###..#
##
#.........#..#........#
##..##..#...#####.#.....#
#....#.###..# #.#.###..
...#.<. #..## #...# ...
#...# ###...# ..# ...#..
#)@.#.# . ..
..#####...o###..# ... ...
....... ### ..... ...)...
...... ......... ......
.........
.....##......... .
..............
...........


You could see an orc priest.

Vanquished Creatures
  4 adders
  A dart slug (D:1)
  4 orcs (D:3)
  3 endoplasms
  3 giant cockroaches
  4 hobgoblins
  3 jackals (D:1)
  4 ball pythons
  7 bats
  A frilled lizard (D:2)
  2 goblins
  4 kobolds
  5 rats
45 creatures vanquished.

Notes
Turn   | Place    | Note
-------+----------+-------------------------------------------
     0 | D:1      | Sabo the Demonspawn Monk began the quest for the Orb.
     0 | D:1      | Reached XP level 1. HP: 18/18 MP: 1/1
   273 | D:1      | Gained mutation: You have a pair of small horns on your
                  | head. [demonic ancestry]
   273 | D:1      | Reached XP level 2. HP: 24/24 MP: 2/2
  1185 | D:2      | Gained mutation: You may rarely emit foul miasma when
                  | damaged in melee. [demonic ancestry]
  1185 | D:2      | Reached XP level 3. HP: 28/29 MP: 3/3
  1983 | D:3      | Gained mutation: You are partially covered in icy blue
                  | scales. (AC +2) [demonic ancestry]
  1983 | D:3      | Reached XP level 4. HP: 22/37 MP: 4/4
  2335 | D:3      | Killed from afar by an orc priest

Illustrated notes

Levels and vault maps discovered:
D:1:      dpeg_arrival_windows_large_door, layout_basic,
          corexii_item_surrounded_by_moat, amcnicky_mini_corridor_feature
D:2:      layout_loops_cross
D:3:      layout_rooms, ebering_ecumenical_altar_hall,
          kennysheep_decorative_pillar

Skill      XL: |  1  2 |
---------------+-------+-----
Axes           | 3 |  3.6
Dodging        | 3 |  3.2
Fighting       | |  3.7
Armour         | |  0.6

Action                     |  1- 3 |  4- 6 || total
---------------------------+-------+-------++-------
  Melee: Hand axe          |    84 |    30 ||   114
         Headbutt          |    12 |    13 ||    25
    Use: Scroll            |     2 |       ||     2
 Armour: Robe              |     8 |       ||     8
         Ring mail         |    17 |       ||    17
         Scale mail        |    10 |    17 ||    27
  Dodge: Dodged            |    68 |    15 ||    83
